 Dungeon Crawl Stone Soup version 0.22.1 (webtiles) character file.

252 Oink the Digger (level 5, -8/46 HPs)
             Began as a Troll Earth Elementalist on Sept 19, 2018.
             Killed from afar by an orc wizard (12 damage)
             ... with a puff of flame
             ... on level 4 of the Dungeon.
             The game lasted 00:05:53 (3203 turns).

Oink the Digger (Troll Earth Elementalist)          Turns: 3203, Time: 00:05:54

Health: -8/46      AC:  6    Str: 16    XL:     5   Next: 89%
Magic:  6/6        EV: 10    Int: 12    God:
Gold:   225        SH:  0    Dex: 10    Spells: 4/7 levels left

rFire    . . .     SeeInvis .     - Unarmed
rCold    . . .     Gourm    +   (no shield)
rNeg     . . .     Faith    .   c - +0 robe
rPois    .         Spirit   .   (helmet restricted)
rElec    .         Reflect  .   l - +0 cloak
rCorr    .         Harm     .   (gloves unavailable)
MR       +....                  (boots unavailable)
Stlth    +.........             (no amulet)
HPRegen  0.55/turn              q - ring of protection from magic
MPRegen  0.10/turn              (no ring)

@: no status effects
A: large, unfitting armour, claws 3, fast metabolism 3, gourmand, regeneration
1, shaggy fur 1, tough skin 2
a: no special abilities


You were on level 4 of the Dungeon.
You were very full.

You visited 1 branch of the dungeon, and saw 4 of its levels.

You collected 225 gold pieces.

Inventory:

Missiles
 b - 107 stones (quivered)
Armour
 c - a +0 robe (worn)
 l - a +0 cloak (worn)
Jewellery
 q - a ring of protection from magic (left claw)
Scrolls
 a - a scroll of amnesia {unknown}
 g - 5 scrolls of identify {unknown}
 j - 3 scrolls of immolation {unknown}
 m - 3 scrolls of enchant armour {unknown}
 p - a scroll of enchant weapon {unknown}
 r - a scroll of remove curse {unknown}
Potions
 e - 2 potions of heal wounds {unknown}
 f - 2 potions of curing {unknown}
 h - a potion of ambrosia {unknown}
 i - a potion of lignification {unknown}
 k - a potion of degeneration {unknown}
 o - a potion of might {unknown}
Comestibles
 d - 9 rations


   Skills:
 + Level 0.7 Fighting
 - Level 1.5 Dodging
 - Level 1.0 Stealth
 + Level 3.7 Unarmed Combat
 + Level 1.6 Spellcasting
 * Level 1.7 Transmutations
 + Level 3.8 Earth Magic


You had 4 spell levels left.
You knew the following spells:

 Your Spells              Type           Power        Failure   Level  Hunger
a - Sandblast             Erth           ##....       6%          1    ##.....
b - Passwall              Tmut/Erth      #.......     14%         2    ###....

Your spell library contained the following spells:

 Spells                   Type           Power        Failure   Level  Hunger
 Stone Arrow              Conj/Erth      #.....       36%         3    ####...
 Petrify                  Tmut/Erth      #.......     65%         4    #####..
 Lee's Rapid Deconstruct  Erth           ##........   86%         5    ######.


Dungeon Overview and Level Annotations

Branches:
Dungeon (4/15)
 Temple: D:4-7

Altars:
Hepliaklqana
Nemelex Xobeh
Ru
Uskayaw
Vehumet
Yredelemnul
The Shining One


Innate Abilities, Weirdness & Mutations

You are too large for most types of armour.
You have claws for hands.
Your metabolism is lightning-fast.
You like to eat raw meat.
Your natural rate of healing is unusually fast.
You are covered in fur. (AC +1)
You have very tough skin. (AC +2)


Message History

You hear some strange, mumbled words.
A puff of frost appears from out of thin air!
The puff of frost hits you!
* * * LOW HITPOINT WARNING * * *
You barely miss something. Something hits you but does no damage.
You miss something. Something hits you but does no damage.
You scratch something but do no damage. Something hits you.
* * * LOW HITPOINT WARNING * * *
Something hits you but does no damage.
You closely miss something. Something hits you.
* * * LOW HITPOINT WARNING * * *
You barely miss something. Something hits you.
* * * LOW HITPOINT WARNING * * *
Something hits you.
* * * LOW HITPOINT WARNING * * *
You barely miss something.
You hear some strange, mumbled words.
A puff of flame appears from out of thin air!
The puff of flame hits you!
You die...

.###...### ##.#
.#.......###≈≈ .#.#
##........##≈≈ #..#.#
##........#≈≈≈##..#.#
#####...≈≈≈≈≈≈P≈..#.#
# ###..≈.≈≈≈≈≈≈...#.#
##....≈.P≈≈≈≈.≈...#.#
....≈≈.≈≈≈≈..≈.)#.#.#
≈..≈≈P≈≈≈≈≈≈...{@.#.#
≈P≈P≈≈≈≈≈P≈.....#.#.#
≈P≈≈≈≈≈≈≈≈.....##.#.#
≈≈≈≈≈≈ .P...# #.#.#
≈≈≈≈≈≈ ..... #.#.#
≈P≈≈≈≈ .### #.#.#
.≈.... #.#.# ≈.....
#.#.# ...... #.#.#


There were no monsters in sight!

Vanquished Creatures
  2 scorpions (D:4)
  2 orc priests (D:4)
  2 adders (D:2)
  3 worms (D:2)
  A leopard gecko (D:3)
  13 orcs
  A ball python (D:3)
  5 bats
  2 giant cockroaches
  5 goblins
  8 hobgoblins
  2 frilled lizards (D:1)
  6 kobolds
  6 rats
58 creatures vanquished.

Vanquished Creatures (others)
  A plant (D:4)
1 creature vanquished.

Grand Total: 59 creatures vanquished

Notes
Turn   | Place    | Note
-------+----------+-------------------------------------------
     0 | D:1      | Oink the Troll Earth Elementalist began the quest for the
                  | Orb.
     0 | D:1      | Reached XP level 1. HP: 16/16 MP: 1/1
   266 | D:1      | Reached XP level 2. HP: 24/24 MP: 3/3
   273 | D:1      | Learned a level 2 spell: Passwall
   742 | D:2      | Reached XP level 3. HP: 28/31 MP: 4/4
   770 | D:2      | Reached skill level 1 in Unarmed Combat
   906 | D:2      | Found a hide-covered altar of Uskayaw.
   907 | D:2      | Found a basalt altar of Yredelemnul.
  1059 | D:2      | Reached skill level 1 in Transmutations
  1087 | D:2      | Found a sacrificial altar of Ru.
  1686 | D:3      | Found a sparkling altar of Nemelex Xobeh.
  1708 | D:3      | Found a radiant altar of Vehumet.
  1729 | D:3      | Reached XP level 4. HP: 39/39 MP: 5/5
  2494 | D:4      | Found a hazy altar of Hepliaklqana.
  2583 | D:4      | Reached XP level 5. HP: 23/46 MP: 6/6
  2883 | D:4      | Found a glowing golden altar of the Shining One.
  3203 | D:4      | Killed from afar by an orc wizard

Skill      XL: |  1  2  3  4 |
---------------+-------------+-----
Earth Magic    | 3 |  3.8
Unarmed Combat | 1 3 |  3.7
Transmutations | 1 |  1.7
Fighting       | |  0.7
Dodging        | |  1.5
Stealth        | |  1.0
Spellcasting   | |  1.6

Action                   |  1- 3 |  4- 6 || total
-------------------------+-------+-------++-------
Melee: Unarmed           |   112 |   107 ||   219
       Punch             |       |     2 ||     2
 Stab: Sleeping          |     1 |       ||     1
  Eat: Chunk             |    21 |    13 ||    34
Armor: Robe              |    27 |    25 ||    52
Dodge: Dodged            |    45 |    46 ||    91
